[Event "Team 45 45 League T92"]
[Site "Internet Chess Club"]
[Date "2022.04.22"]
[Round "2"]
[White "cobrabrava"]
[Black "BrerRabbit"]
[Result "1/2-1/2"]
[WhiteElo "1358"]
[BlackElo "1397"]
[Opening "Scandinavian (center counter) defense"]
[ECO "B01"]
[Time "15:03:15"]
[PlyCount "53"]
[TimeControl "2700+45"]

1. e4 d5 2. exd5 Qxd5 3. Nc3 Qd8 4. d4 Nf6 5. Nf3 Bg4 6. h3 Bxf3 7. Qxf3 c6 8.
Be3 e6 9. Bd3 Nbd7 10. O-O Bd6 11. Rad1 O-O 12. Ne4 Nxe4 13. Qxe4 Nf6 14. Qf3
Nd5 15. Bd2 Qf6 16. Qxf6 Nxf6 17. Rfe1 Rad8 18. c3 Rd7 19. Bc2 Rfd8 20. g3 Nd5
21. Kg2 Nf6 22. Bg5 h6 23. Bd2 Bc7 24. Re2 Bb6 25. Bf4 Bc7 26. Be3 Bb6 27. Bf4
{Game drawn by mutual agreement} 1/2-1/2

[Event "Team 45 45 League T92"]
[Site "Internet Chess Club"]
[Date "2022.04.24"]
[Round "2"]
[White "Ostap-Bender"]
[Black "sdcohle"]
[Result "1/2-1/2"]
[WhiteElo "1271"]
[BlackElo "1340"]
[Opening "French: exchange variation"]
[ECO "C01"]
[Time "17:00:33"]
[PlyCount "79"]
[TimeControl "2700+45"]

1. e4 e6 2. d4 d5 3. exd5 exd5 4. Nf3 Bd6 5. Bd3 Nf6 6. h3 O-O 7. O-O Re8 8. Re1
b6 9. Bg5 Nbd7 10. Nc3 c6 11. Qd2 Bb7 12. Re2 Qc7 13. Rae1 Rxe2 14. Rxe2 h6 15.
Bxf6 Nxf6 16. Ne5 Re8 17. Qe1 Nd7 18. Nxd7 Rxe2 19. Qxe2 Qxd7 20. Nd1 Qe7 21.
Qxe7 Bxe7 22. Ne3 Bc8 23. Kf1 g5 24. g4 Bf6 25. c3 Kf8 26. Nf5 Bxf5 27. Bxf5 Ke7
28. Ke2 Kd6 29. Kd3 c5 30. dxc5+ bxc5 31. b3 a5 32. a4 Ke5 33. Ke3 Kd6 34. Kd3
Be5 35. f3 f6 36. Bc8 Bf4 37. Bb7 Be5 38. Bc8 Bf4 39. Bb7 Be5 40. Bc8 {Game
drawn by repetition} 1/2-1/2

[Event "Team 45 45 League T92"]
[Site "Internet Chess Club"]
[Date "2022.04.22"]
[Round "2"]
[White "elmaestro"]
[Black "fhunfi"]
[Result "0-1"]
[WhiteElo "1673"]
[BlackElo "1754"]
[Opening "English opening"]
[ECO "A20"]
[Time "18:30:33"]
[PlyCount "72"]
[TimeControl "2700+45"]

1. c4 e5 2. g3 Nc6 3. Bg2 f5 4. Nc3 Nf6 5. d3 Bb4 6. a3 Bxc3+ 7. bxc3 O-O 8. Qb3
d6 9. e3 Kh8 10. Ne2 Qe8 11. h4 Qh5 12. Bd2 Nd7 13. d4 Nb6 14. c5 dxc5 15. dxc5
Nd7 16. Qc4 Qg4 17. Qd5 Nf6 18. Qb3 e4 19. Nf4 Ne5 20. Qd1 Qxd1+ 21. Kxd1 Nfd7
22. Ne6 Rf7 23. Nxc7 Rb8 24. Nb5 Nxc5 25. Nxa7 Bd7 26. Rb1 b5 27. Bf1 Ned3 28.
Bxd3 Nxd3 29. Rf1 Be8 30. Nxb5 Rxb5 31. Ra1 Rfb7 32. Ke2 Bf7 33. a4 Rb2 34. f3
Rxd2+ 35. Kxd2 Rb2+ 36. Kd1 Bb3# {White checkmated} 0-1

[Event "Team 45 45 League T92"]
[Site "Internet Chess Club"]
[Date "2022.04.22"]
[Round "2"]
[White "fireball"]
[Black "burlap"]
[Result "1/2-1/2"]
[WhiteElo "1618"]
[BlackElo "1356"]
[Opening "French: Wing gambit"]
[ECO "C00"]
[Time "10:00:36"]
[PlyCount "66"]
[TimeControl "2700+45"]

1. e4 e6 2. Nf3 d5 3. e5 c5 4. b4 cxb4 5. d4 Nc6 6. a3 bxa3 7. c3 Bd7 8. Nxa3 a6
9. Bd3 Rc8 10. Ng5 Be7 11. h4 Nh6 12. Qh5 Qa5 13. Bb2 Nxd4 14. O-O Rxc3 15. Bxc3
Qxc3 16. Qd1 Bxa3 17. f4 Nhf5 18. Bxf5 Nxf5 19. Rf3 Qd4+ 20. Qxd4 Nxd4 21. Rfxa3
Nc2 22. R1a2 Nxa3 23. Rxa3 O-O 24. Nf3 f6 25. Nd4 fxe5 26. fxe5 Rf4 27. Nf3 Ra4
28. Rc3 Rc4 29. Rb3 Bc8 30. Rb6 Kf7 31. Ng5+ Ke7 32. Nf3 d4 33. Rd6 a5 {Game
drawn by mutual agreement} 1/2-1/2

[Event "Team 45 45 League T92"]
[Site "Internet Chess Club"]
[Date "2022.04.23"]
[Round "2"]
[White "AlWynJones"]
[Black "ChessG2011"]
[Result "1-0"]
[WhiteElo "1357"]
[BlackElo "1497"]
[Opening "Grünfeld: 5.e3"]
[ECO "D94"]
[Time "15:00:32"]
[PlyCount "91"]
[TimeControl "2700+45"]

1. c4 Nf6 2. Nc3 d5 3. e3 g6 4. d4 Bg7 5. Nf3 O-O 6. Ne5 Nfd7 7. Nxd7 Qxd7 8.
cxd5 b6 9. Be2 Bb7 10. O-O Na6 11. a3 Rad8 12. Bd2 Bxd5 13. Nxd5 Qxd5 14. Bxa6
b5 15. a4 c6 16. axb5 cxb5 17. Bb4 Rfe8 18. Qe2 Rb8 19. Ra5 Rb6 20. Bc5 Re6 21.
Bxb5 Rb8 22. Bc4 Qd8 23. Rxa7 Rc6 24. Bxe7 Qb6 25. Rfa1 Qxb2 26. Qxb2 Rxb2 27.
Ra8+ Bf8 28. Bxf8 h5 29. Ba3+ Kh7 30. Bxb2 Rxc4 31. d5 g5 32. d6 Rc6 33. d7 Rd6
34. d8=Q Rxd8 35. Rxd8 Kg6 36. Ra7 g4 37. Rdd7 f6 38. Rd6 Kf5 39. f3 gxf3 40.
gxf3 Kg5 41. Bxf6+ Kf5 42. Ra5+ Kg6 43. Bd4+ Kf7 44. Ra7+ Ke8 45. Rh6 Kf8 46.
Rh8# {Black checkmated} 1-0

[Event "Team 45 45 League T92"]
[Site "Internet Chess Club"]
[Date "2022.04.22"]
[Round "2"]
[White "smsxman"]
[Black "jcule"]
[Result "0-1"]
[WhiteElo "1312"]
[BlackElo "1361"]
[Opening "Robatsch (modern) defense"]
[ECO "B06"]
[Time "12:02:36"]
[PlyCount "76"]
[TimeControl "2700+45"]

1. e4 g6 2. Nf3 Bg7 3. d4 d6 4. Be3 Nd7 5. Nc3 e5 6. Bb5 c6 7. Be2 Ne7 8. O-O
O-O 9. d5 cxd5 10. Nxd5 b6 11. Bg5 f6 12. Bh4 Bb7 13. Bc4 Kh8 14. c3 Rb8 15. Qd2
Nxd5 16. Bxd5 g5 17. Bg3 Nc5 18. Rfe1 Bxd5 19. Qxd5 Nb7 20. Rad1 Rg8 21. Nd2 Bf8
22. b4 Qc7 23. c4 Rg7 24. Rc1 Qf7 25. Qd3 Nd8 26. a3 Ne6 27. Nf3 Qd7 28. h3 h5
29. Bh2 Rh7 30. Rcd1 g4 31. Nh4 Nd4 32. Nf5 Nxf5 33. exf5 gxh3 34. Qxh3 Qg7 35.
Rd3 Qg4 36. Ree3 Qxc4 37. Rc3 Qg4 38. Rg3 Qd1# {White checkmated} 0-1

[Event "Team 45 45 League T92"]
[Site "Internet Chess Club"]
[Date "2022.04.25"]
[Round "2"]
[White "scostanzo212"]
[Black "Rookmaster"]
[Result "1-0"]
[WhiteElo "1585"]
[BlackElo "1489"]
[Opening "QGD: Janowski variation"]
[ECO "D31"]
[Time "20:05:42"]
[PlyCount "87"]
[TimeControl "2700+45"]

1. d4 d5 2. c4 e6 3. Nc3 a6 4. Nf3 Nf6 5. Bg5 dxc4 6. e3 b5 7. a4 c6 8. axb5
cxb5 9. Nxb5 axb5 10. Rxa8 Bb7 11. Ra1 Bb4+ 12. Nd2 Qd5 13. f3 Qxg5 14. Qe2 O-O
15. Qf2 Nc6 16. g3 Nd5 17. f4 Qe7 18. Bg2 c3 19. bxc3 Nxc3 20. O-O Na5 21. Bxb7
Qxb7 22. Qf3 Qxf3 23. Nxf3 Nb3 24. Ra7 f6 25. Rf2 Nc1 26. Rb2 Nd3 27. Rb3 Rc8
28. Kg2 Nd1 29. Rxd3 Rc2+ 30. Kg1 Rc1 31. Kg2 Rc2+ 32. Kg1 Rc1 33. Kg2 Bc3 34.
e4 b4 35. d5 exd5 36. exd5 f5 37. d6 Rc2+ 38. Kf1 Rf2+ 39. Kg1 Rxf3 40. Ra8+ Kf7
41. Rxf3 Bd4+ 42. Kf1 Ke6 43. Rd3 Ne3+ 44. Ke2 {Black resigns} 1-0

[Event "Team 45 45 League T92"]
[Site "Internet Chess Club"]
[Date "2022.04.21"]
[Round "2"]
[White "Signofthetimes"]
[Black "trogers41"]
[Result "1-0"]
[WhiteElo "1505"]
[BlackElo "1345"]
[Opening "Giuoco Pianissimo: Canal variation"]
[ECO "C50"]
[Time "20:02:18"]
[PlyCount "39"]
[TimeControl "2700+45"]

1. e4 e5 2. Nf3 Nc6 3. Bc4 Bc5 4. Nc3 Nf6 5. d3 d6 6. Bg5 h6 7. Bh4 Bg4 8. Bb5
O-O 9. Bxc6 bxc6 10. h3 Bxf3 11. Qxf3 Rb8 12. Na4 Bb4+ 13. c3 Ba5 14. g4 g5 15.
Bg3 Rxb2 16. Nxb2 Bxc3+ 17. Kf1 Bxb2 18. Rb1 Bd4 19. h4 Qd7 20. Qxf6 {Black
resigns} 1-0

[Event "Team 45 45 League T92"]
[Site "Internet Chess Club"]
[Date "2022.04.25"]
[Round "2"]
[White "CMAlge"]
[Black "tightfist"]
[Result "0-1"]
[WhiteElo "1234"]
[BlackElo "1496"]
[Opening "Queen's pawn: Chigorin variation"]
[ECO "D00"]
[Time "17:00:25"]
[PlyCount "58"]
[TimeControl "2700+45"]

1. d4 d5 2. Nc3 e6 3. Bf4 Bb4 4. e3 Nf6 5. Bd3 O-O 6. Ne2 c5 7. dxc5 Bxc3+ 8.
Nxc3 Qa5 9. O-O Qxc5 10. Nb5 Ne8 11. Qh5 f5 12. Be5 Nc6 13. Bg3 a6 14. Nc3 b5
15. Kh1 Nf6 16. Qd1 Bb7 17. a3 Rad8 18. Ne2 Ne4 19. b4 Nxg3+ 20. Nxg3 Qd6 21.
Qh5 Ne5 22. Nxf5 exf5 23. Bxf5 g6 24. Qg5 Rxf5 25. Qg3 Nc4 26. Rad1 Qxg3 27.
hxg3 Rh5+ 28. Kg1 Nxa3 29. e4 Nxc2 {White resigns} 0-1

[Event "Team 45 45 League T92"]
[Site "Internet Chess Club"]
[Date "2022.04.25"]
[Round "2"]
[White "Goli"]
[Black "primerpaso"]
[Result "1-0"]
[WhiteElo "1787"]
[BlackElo "1872"]
[Opening "Sicilian: Alapin's variation (2.c3)"]
[ECO "B22"]
[Time "14:03:45"]
[PlyCount "59"]
[TimeControl "2700+45"]

1. e4 c5 2. c3 d5 3. exd5 Qxd5 4. d4 Nf6 5. Nf3 Bg4 6. Be2 e6 7. O-O Be7 8. h3
Bh5 9. Be3 cxd4 10. cxd4 O-O 11. Nc3 Qd6 12. a3 Nc6 13. b4 Rac8 14. Rc1 Rfd8 15.
Qd2 Nd5 16. Nxd5 Qxd5 17. Rfd1 Bf6 18. Rc5 Qb3 19. Rxh5 e5 20. Qd3 Qxd3 21. Rxd3
exd4 22. Bg5 Rd5 23. Bxf6 Rxh5 24. Nxd4 Rd5 25. Nxc6 Rxd3 26. Ne7+ Kf8 27. Nxc8
Rd2 28. Be7+ Ke8 29. Bb5+ Rd7 30. Bh4 {Black resigns} 1-0

[Event "Team 45 45 League T92"]
[Site "Internet Chess Club"]
[Date "2022.04.21"]
[Round "2"]
[White "Portola"]
[Black "cysk"]
[Result "1/2-1/2"]
[WhiteElo "1650"]
[BlackElo "1733"]
[Opening "Dutch, 2.Bg5 variation"]
[ECO "A80"]
[Time "19:06:51"]
[PlyCount "100"]
[TimeControl "2700+45"]

1. d4 f5 2. Bg5 h6 3. Bh4 g5 4. Bg3 Nf6 5. e3 d6 6. Nd2 Nc6 7. Ngf3 Bd7 8. c3 e6
9. Bc4 Qe7 10. Qe2 O-O-O 11. O-O-O Bg7 12. h3 e5 13. dxe5 dxe5 14. Rhe1 Be6 15.
Nxe5 Nxe5 16. Bxe5 Bxc4 17. Nxc4 Ne4 18. Bxg7 Qxg7 19. Qc2 Qf7 20. Qb3 Qe8 21.
Rxd8+ Qxd8 22. Rd1 Qe7 23. Qb5 Rf8 24. f3 Ng3 25. Kb1 Rd8 26. Rxd8+ Qxd8 27. Kc2
Qe7 28. Qe5 Qxe5 29. Nxe5 Kd8 30. Nf7+ Ke7 31. Nxh6 Kf6 32. e4 fxe4 33. fxe4
Nxe4 34. Kd3 Ke5 35. Ke3 Nd6 36. b3 Kf6 37. g4 Kg6 38. Ng8 Kf7 39. Nh6+ Kg6 40.
Nf5 Nxf5+ 41. gxf5+ Kxf5 42. Kf3 b6 43. a4 a6 44. b4 c6 45. a5 bxa5 46. bxa5 c5
47. c4 Ke5 48. Ke3 Kf5 49. Kf3 Ke5 50. Ke3 Kf5 {Game drawn by mutual agreement}
1/2-1/2

[Event "Team 45 45 League T92"]
[Site "Internet Chess Club"]
[Date "2022.04.23"]
[Round "2"]
[White "mongmong"]
[Black "Egmont"]
[Result "1-0"]
[WhiteElo "1533"]
[BlackElo "1568"]
[Opening "Queen's pawn game"]
[ECO "D04"]
[Time "12:00:26"]
[PlyCount "99"]
[TimeControl "2700+45"]

1. d4 d5 2. Nf3 Nf6 3. e3 Bg4 4. c4 c6 5. h3 Bxf3 6. Qxf3 e6 7. a3 Be7 8. Nc3
Nbd7 9. Bd2 O-O 10. cxd5 cxd5 11. Bd3 a6 12. O-O Qb6 13. b4 Qd6 14. Rfc1 b5 15.
Qd1 e5 16. dxe5 Nxe5 17. Be2 Nc4 18. Bxc4 dxc4 19. Be1 Qe5 20. Qf3 Rad8 21. Rd1
Rd6 22. Rxd6 Bxd6 23. g3 Qe6 24. Rd1 Rd8 25. Kg2 Bc7 26. Rxd8+ Bxd8 27. Qd1 Qc6+
28. f3 Bc7 29. Qd4 Bb6 30. Qd2 h6 31. Bf2 a5 32. e4 axb4 33. axb4 Bxf2 34. Kxf2
Nd7 35. Qd4 Nb6 36. Ke3 Na4 37. Nxa4 bxa4 38. Qc3 Qb6+ 39. Ke2 Qb5 40. Ke3 Qc6
41. Kd4 Qd7+ 42. Kxc4 Qxh3 43. g4 Qf1+ 44. Kc5 Qa6 45. b5 Qc8+ 46. Kb4 Qa8 47.
Qa3 Kf8 48. Qxa4 Qb8 49. Qa6 Ke7 50. b6 {Black resigns} 1-0

[Event "Team 45 45 League T92"]
[Site "Internet Chess Club"]
[Date "2022.04.21"]
[Round "2"]
[White "bobhill"]
[Black "fileman"]
[Result "0-1"]
[WhiteElo "1708"]
[BlackElo "1844"]
[Opening "Queen's pawn game, Chigorin variation"]
[ECO "A40"]
[Time "16:04:43"]
[PlyCount "86"]
[TimeControl "2700+45"]

1. d4 Nc6 2. Nf3 d5 3. Bg5 f6 4. Bh4 Bg4 5. h3 Bxf3 6. gxf3 Qd6 7. e3 Qb4+ 8.
Nd2 e5 9. a3 Qxb2 10. dxe5 Qxe5 11. Bg3 Qc3 12. Rb1 O-O-O 13. Bd3 Qxa3 14. Rb3
Qa5 15. Bf5+ Kb8 16. O-O Bd6 17. Qb1 b6 18. Rd1 Bxg3 19. fxg3 Nge7 20. Bd3 Rhe8
21. Rb5 Qc3 22. Nf1 Ne5 23. f4 Nxd3 24. Rxd3 Qc6 25. Ra3 d4 26. exd4 Rxd4 27.
Rba5 Nc8 28. Rb3 Re2 29. Ne3 Qf3 30. Qf1 Qxf1+ 31. Kxf1 Rxe3 32. Rxe3 bxa5 33.
Ke2 a4 34. Ra3 Nb6 35. c3 Rd5 36. Kf3 c5 37. Ke4 Kc7 38. g4 Kc6 39. h4 Kb5 40.
h5 Kc4 41. f5 Rd3 42. Kf4 Nd5+ 43. Ke4 Re3# {White checkmated} 0-1

[Event "Team 45 45 League T92"]
[Site "Internet Chess Club"]
[Date "2022.04.22"]
[Round "2"]
[White "MrAbendroth"]
[Black "LookImYourVader"]
[Result "0-1"]
[WhiteElo "1614"]
[BlackElo "1768"]
[Opening "Queen's pawn: London system"]
[ECO "A45"]
[Time "16:00:29"]
[PlyCount "38"]
[TimeControl "2700+45"]

1. d4 Nf6 2. Bf4 e6 3. e3 c5 4. c3 Nc6 5. Nd2 d5 6. Ngf3 Bd6 7. Bxd6 Qxd6 8. Bd3
O-O 9. O-O e5 10. dxe5 Nxe5 11. Nxe5 Qxe5 12. h3 Bf5 13. Nf3 Qe6 14. Ng5 Qd7 15.
Qc2 Bxd3 16. Qxd3 Rad8 17. Rad1 Rfe8 18. c4 Qe7 19. cxd5 Rxd5 {White resigns}
0-1

[Event "Team 45 45 League T92"]
[Site "Internet Chess Club"]
[Date "2022.04.29"]
[Round "2"]
[White "Beetlejuice"]
[Black "Redman1"]
[Result "1/2-1/2"]
[WhiteElo "1708"]
[BlackElo "1612"]
[Opening "Nimzo-Indian: Kmoch variation"]
[ECO "E20"]
[Time "14:00:44"]
[PlyCount "35"]
[TimeControl "2700+45"]

1. d4 Nf6 2. c4 e6 3. Nc3 Bb4 4. f3 Bxc3+ 5. bxc3 O-O 6. e4 d6 7. Bd3 e5 8. Ne2
Re8 9. O-O h6 10. g4 g5 11. Ng3 Nc6 12. d5 Ne7 13. Nf5 Nxf5 14. gxf5 Nd7 15. Be3
f6 16. Kg2 Kg7 17. h4 Rh8 18. Rh1 {Game drawn by mutual agreement} 1/2-1/2

[Event "Team 45 45 League T92"]
[Site "Internet Chess Club"]
[Date "2022.04.22"]
[Round "2"]
[White "LoseOften"]
[Black "Rookmaster"]
[Result "0-1"]
[WhiteElo "1530"]
[BlackElo "1502"]
[Opening "Sicilian: Najdorf, 7.f4"]
[ECO "B96"]
[Time "06:00:11"]
[PlyCount "148"]
[TimeControl "2700+45"]

1. e4 c5 2. Nf3 d6 3. d4 cxd4 4. Nxd4 Nf6 5. Nc3 a6 6. Bg5 e6 7. f4 Qc7 8. Qf3
Nc6 9. O-O-O Be7 10. g4 O-O 11. h4 Nxd4 12. Rxd4 e5 13. Rd2 exf4 14. Bxf6 Bxf6
15. Nd5 Qa5 16. Nxf6+ gxf6 17. Qxf4 Qxa2 18. Rd5 Qa1+ 19. Kd2 Qxb2 20. Rh5 Be6
21. Bd3 Rac8 22. e5 Rxc2+ 23. Bxc2 dxe5 24. Qe4 Rd8+ 25. Ke3 Qc3+ 26. Bd3 Qc5+
27. Ke2 Rxd3 28. Kxd3 Qa3+ 29. Kd2 Qb2+ 30. Qc2 Qd4+ 31. Kc1 Qf4+ 32. Qd2 Qc4+
33. Kb1 Qe4+ 34. Qc2 Qxh1+ 35. Kb2 e4 36. Rc5 Qf3 37. g5 f5 38. Qa4 Qf2+ 39. Rc2
Qb6+ 40. Kc1 Qe3+ 41. Kb2 Qb6+ 42. Kc1 Qb3 43. Qd4 Qa3+ 44. Kb1 Qb3+ 45. Rb2
Qd3+ 46. Qxd3 exd3 47. Rxb7 Kg7 48. Kc1 Kg6 49. Kd2 Kh5 50. Rb4 h6 51. gxh6 Kxh6
52. Kxd3 Kh5 53. Rf4 Bd7 54. Rd4 Bb5+ 55. Kc3 Be2 56. Rd7 Kg6 57. Rd2 Bg4 58.
Kb4 Kh5 59. Rh2 f4 60. Ka5 f3 61. Kxa6 Bf5 62. Kb6 Kg4 63. h5 Kg3 64. Rh1 Kg2
65. Rh4 f2 66. Rf4 f1=Q 67. Rxf1 Kxf1 68. Kc5 Bh7 69. Kd6 Kg2 70. Ke5 f5 71. Kf4
Kh3 72. Kg5 Kg3 73. Kh6 Kh4 74. Kxh7 Kxh5 {White resigns} 0-1

[Event "Team 45 45 League T92"]
[Site "Internet Chess Club"]
[Date "2022.04.24"]
[Round "2"]
[White "WillC"]
[Black "Gojira"]
[Result "0-1"]
[WhiteElo "1515"]
[BlackElo "1541"]
[Opening "Queen's pawn game, Darooha variation "]
[ECO "D02"]
[Time "08:04:06"]
[PlyCount "74"]
[TimeControl "2700+45"]

1. d4 d5 2. Nf3 Nf6 3. b3 Bf5 4. Bb2 e6 5. e3 Bd6 6. Be2 h6 7. Nbd2 Nbd7 8. c4
c6 9. O-O Ne4 10. Rc1 Ndf6 11. Ne5 Qa5 12. Nxe4 Bxe4 13. a3 Qc7 14. Bf3 Bh7 15.
cxd5 Nxd5 16. g3 O-O-O 17. b4 Bxe5 18. dxe5 Nxe3 19. Qa4 Nxf1 20. Bxc6 Qb6 21.
Bg2+ Kb8 22. Rxf1 Rd2 23. Bc1 Bc2 24. Qa5 Qxa5 25. bxa5 Rd1 26. Rxd1 Bxd1 27.
Bd2 Rd8 28. Bb4 Ba4 29. Bd6+ Kc8 30. f4 Bc6 31. Bxc6 bxc6 32. Bc5 a6 33. Kf2 h5
34. Ke2 Rd5 35. Bb6 Rb5 36. Kf2 Rxb6 37. axb6 Kb7 {White resigns} 0-1

[Event "Team 45 45 League T92"]
[Site "Internet Chess Club"]
[Date "2022.04.25"]
[Round "2"]
[White "seldredg"]
[Black "Visin"]
[Result "0-1"]
[WhiteElo "1272"]
[BlackElo "1215"]
[Opening "Queen's pawn game, Chigorin variation"]
[ECO "D02"]
[Time "13:00:19"]
[PlyCount "84"]
[TimeControl "2700+45"]

1. d4 d5 2. Nf3 Nc6 3. Bf4 Nf6 4. e3 a6 5. a4 Bf5 6. c3 h6 7. Nbd2 e6 8. h3 Bd6
9. Ne5 Bxe5 10. dxe5 Nd7 11. Nf3 O-O 12. Be2 Be4 13. Bd3 Bxf3 14. Qxf3 Ndxe5 15.
Qd1 Nxd3+ 16. Qxd3 Qe7 17. e4 Rfd8 18. e5 Na7 19. Qg3 Kh7 20. Rd1 c5 21. O-O d4
22. Qf3 Nc6 23. Rd3 Rd5 24. Re1 Rad8 25. Qd1 dxc3 26. Rxd5 Rxd5 27. Qc2+ Kh8 28.
Qxc3 b6 29. Bg3 Qg5 30. f4 Qf5 31. Qf3 Nd4 32. Qf1 b5 33. a5 Nb3 34. Rd1 Nxa5
35. Rxd5 exd5 36. Be1 Nc6 37. g4 Qe4 38. g5 hxg5 39. fxg5 Qg6 40. Qf4 Kg8 41.
Qg4 Qe6 42. Qe2 Qxe5 {White resigns} 0-1

[Event "Team 45 45 League T92"]
[Site "Internet Chess Club"]
[Date "2022.04.25"]
[Round "2"]
[White "Pawnchain"]
[Black "Fulmar"]
[Result "1/2-1/2"]
[WhiteElo "1338"]
[BlackElo "1254"]
[Opening "Queen's pawn: London system"]
[ECO "A45"]
[Time "12:01:34"]
[PlyCount "47"]
[TimeControl "2700+45"]

1. d4 Nf6 2. Bf4 c6 3. e3 Qb6 4. Qc1 Nh5 5. Be5 d6 6. Bg3 Nxg3 7. hxg3 g6 8. Nd2
Bg7 9. c3 O-O 10. Ngf3 Re8 11. Nc4 Qc7 12. Be2 e5 13. dxe5 dxe5 14. e4 b5 15.
Ne3 h6 16. Qc2 Be6 17. b3 Nd7 18. g4 f6 19. Rc1 Red8 20. c4 Qa5+ 21. Kf1 b4 22.
Nh4 Bf7 23. g3 Nc5 24. Kg2 {Game drawn by mutual agreement} 1/2-1/2

[Event "Team 45 45 League T92"]
[Site "Internet Chess Club"]
[Date "2022.04.21"]
[Round "2"]
[White "gduranko"]
[Black "smsxman"]
[Result "1-0"]
[WhiteElo "1496"]
[BlackElo "1327"]
[Opening "Scandinavian (center counter) defense"]
[ECO "B01"]
[Time "12:00:07"]
[PlyCount "97"]
[TimeControl "2700+45"]

1. e4 d5 2. exd5 Qxd5 3. Nc3 Qd8 4. d4 e6 5. Be3 Nc6 6. Nf3 Be7 7. Bb5 Bd7 8. d5
exd5 9. Nxd5 Nf6 10. Nxe7 Qxe7 11. O-O a6 12. Re1 O-O-O 13. Bd3 Qf8 14. a3 h6
15. b4 Bg4 16. Bc5 Qg8 17. h3 Be6 18. Qe2 g5 19. Bxa6 Bd5 20. Bd3 g4 21. Bf5+
Be6 22. Bxe6+ fxe6 23. Qxe6+ Qxe6 24. Rxe6 gxf3 25. Rxf6 fxg2 26. Kxg2 Rdg8+ 27.
Kf1 Rg5 28. Rf8+ Rxf8 29. Bxf8 h5 30. Rd1 Rf5 31. Bg7 Ne7 32. Ke2 c6 33. f3 Nd5
34. Kf2 Nf4 35. Kg3 Ne2+ 36. Kf2 Nf4 37. Kg3 Ne2+ 38. Kf2 Nf4 39. h4 Nd5 40. c4
Nf4 41. c5 Nd5 42. Re1 Kd7 43. Re5 Rf7 44. Bh6 Nf6 45. Rf5 Ke6 46. Rf4 Ng4+ 47.
fxg4 hxg4 48. Rxf7 Kxf7 49. Kg3 {Black resigns} 1-0

[Event "Team 45 45 League T92"]
[Site "Internet Chess Club"]
[Date "2022.04.22"]
[Round "2"]
[White "g8wrb"]
[Black "blind-warrior"]
[Result "1-0"]
[WhiteElo "1299"]
[BlackElo "1146"]
[Opening "Sicilian: Alapin's variation (2.c3)"]
[ECO "B22"]
[Time "14:08:44"]
[PlyCount "83"]
[TimeControl "2700+45"]

1. e4 c5 2. c3 e5 3. Nf3 d6 4. h3 Nc6 5. Bb5 Bd7 6. O-O Nf6 7. d3 a6 8. Ba4 b5
9. Bb3 h6 10. Be3 Be7 11. Nbd2 O-O 12. Qe2 Be6 13. a4 Bxb3 14. Nxb3 c4 15. axb5
cxb3 16. bxc6 a5 17. Ra4 Qc7 18. Rfa1 Rfb8 19. Qd1 d5 20. exd5 Nxd5 21. Nd2 Nxe3
22. fxe3 Qxc6 23. Rxa5 Rxa5 24. Rxa5 Qb6 25. Rxe5 Bc5 26. Qf3 Bd6 27. Rd5 Qa6
28. Qd1 Rd8 29. Kf1 Bc7 30. Rxd8+ Bxd8 31. Nxb3 Be7 32. c4 Bf6 33. Nd4 Qb6 34.
Qd2 Bxd4 35. exd4 Qxd4 36. b4 Qa1+ 37. Ke2 Qe5+ 38. Kf1 Qf5+ 39. Kg1 Qe5 40. d4
Qe4 41. c5 Qb1+ 42. Kh2 {Black resigns} 1-0

[Event "Team 45 45 League T92"]
[Site "Internet Chess Club"]
[Date "2022.04.21"]
[Round "2"]
[White "OGO"]
[Black "SeniorCitizen"]
[Result "1-0"]
[WhiteElo "1228"]
[BlackElo "1290"]
[Opening "Queen's gambit declined"]
[ECO "D30"]
[Time "14:00:14"]
[PlyCount "95"]
[TimeControl "2700+45"]

1. d4 d5 2. c4 e6 3. Nf3 Nf6 4. e3 Be7 5. Bd3 c5 6. O-O cxd4 7. cxd5 Nxd5 8.
Nxd4 O-O 9. Qe2 Nd7 10. Nd2 N7f6 11. N2f3 Nb4 12. Bd2 Nxd3 13. Qxd3 Qd6 14. Rac1
e5 15. e4 Bg4 16. Qe3 Qb6 17. Nxe5 Be6 18. b3 Bb4 19. Bxb4 Qxb4 20. Rc7 Rac8 21.
Nxe6 fxe6 22. Rxc8 Rxc8 23. Qxa7 Qxe4 24. Nf3 Qd5 25. Qe3 Re8 26. Re1 Qa5 27. a4
b5 28. axb5 Qxb5 29. Nd4 Qd5 30. Nxe6 Qc6 31. h3 Kf7 32. Ng5+ Kf8 33. Ne6+ Kf7
34. Ng5+ Kf8 35. Qd2 h6 36. Rxe8+ Qxe8 37. Qd6+ Qe7 38. Ne6+ Ke8 39. Qxe7+ Kxe7
40. Nxg7 Kd6 41. Nf5+ Kc5 42. Nxh6 Kb4 43. g4 Kxb3 44. Kg2 Kc3 45. Kg3 Kd4 46.
f4 Ke4 47. h4 Nh7 48. f5 {Black resigns} 1-0

[Event "Team 45 45 League T92"]
[Site "Internet Chess Club"]
[Date "2022.04.22"]
[Round "2"]
[White "grekor"]
[Black "tamky70"]
[Result "1-0"]
[WhiteElo "1165"]
[BlackElo "1248"]
[Opening "Queen's Pawn"]
[ECO "A41"]
[Time "16:00:34"]
[PlyCount "137"]
[TimeControl "2700+45"]

1. d4 d6 2. Nc3 g6 3. Bf4 Bg7 4. e3 a6 5. Nf3 Nd7 6. Bd3 Ngf6 7. Qd2 O-O 8. e4
Nb6 9. Bh6 Bg4 10. Rg1 Bxf3 11. gxf3 e5 12. d5 c6 13. Ke2 cxd5 14. exd5 Nbxd5
15. Nxd5 Nxd5 16. Be4 Nf4+ 17. Bxf4 exf4 18. Qxf4 Rc8 19. c3 Qb6 20. Rab1 Qc5
21. Rbd1 Qc4+ 22. Ke1 Qxa2 23. Bxb7 Rb8 24. Bd5 Qxb2 25. Qxd6 Qxc3+ 26. Kf1 Qf6
27. Qxf6 Bxf6 28. Rg4 a5 29. Ra4 Bc3 30. Rc1 Bb4 31. Rc7 Kg7 32. Kg2 Rb5 33. Bc4
Rg5+ 34. Kh3 Rh5+ 35. Kg2 Rf5 36. Rd7 Rg5+ 37. Kf1 Re5 38. Kg2 Rc5 39. Bd5 Rc2
40. Bb3 Rb2 41. Bc4 Be1 42. Kf1 Bb4 43. Rb7 Rc2 44. Rc7 Rd2 45. Rb7 Rd1+ 46. Kg2
Rb1 47. Rd7 Rb2 48. Rb7 Kf6 49. Rd7 Rd2 50. Rc7 Kg5 51. Rxf7 Rxf7 52. Bxf7 Kf4
53. Bg8 h6 54. Bf7 Kg5 55. Kg3 Kf6 56. Be8 h5 57. h4 Rd4 58. Bc6 g5 59. hxg5+
Kxg5 60. Ra1 h4+ 61. Kh3 Rc4 62. Rg1+ Kh6 63. Be4 Rc5 64. Rg6+ Kh5 65. Rg8 Kh6
66. Kxh4 Rb5 67. Rg6+ Kh7 68. Rg5+ Kh8 69. Rxb5 {Black resigns} 1-0

[Event "Team 45 45 League T92"]
[Site "Internet Chess Club"]
[Date "2022.04.24"]
[Round "2"]
[White "mongmong"]
[Black "rubo"]
[Result "1-0"]
[WhiteElo "1546"]
[BlackElo "1477"]
[Opening "QGD Slav: 4.e3 Bf5"]
[ECO "D12"]
[Time "19:08:25"]
[PlyCount "103"]
[TimeControl "2700+45"]

1. d4 Nf6 2. Nf3 d5 3. e3 Bf5 4. c4 c6 5. Nc3 e6 6. Nh4 Bg6 7. Qb3 Qb6 8. Nxg6
hxg6 9. Bd2 Bd6 10. c5 Qxb3 11. axb3 Bc7 12. Be2 Nbd7 13. h3 a6 14. b4 Ke7 15.
Bf3 e5 16. Kd1 e4 17. Be2 Rh7 18. Kc2 Rah8 19. f4 Nh5 20. Bxh5 Rxh5 21. Ne2 Nf6
22. Rhg1 R5h7 23. Nc1 Rh5 24. Nb3 g5 25. fxg5 Rxg5 26. Na5 Bxa5 27. bxa5 Ne8 28.
Raf1 g6 29. Be1 Ng7 30. h4 Rg4 31. Kd2 Nf5 32. g3 Ke6 33. Rf4 Nxh4 34. Rgf1 Rxf4
35. gxf4 Nf3+ 36. Kc3 Rh2 37. Rf2 Kf5 38. Rxh2 Nxh2 39. b4 f6 40. b5 axb5 41.
Kb4 g5 42. fxg5 fxg5 43. a6 bxa6 44. Ka5 g4 45. Kb6 Nf1 46. Kxc6 g3 47. Kb7 g2
48. Bf2 b4 49. c6 b3 50. c7 b2 51. c8=Q+ Kg5 52. Qc2 {Black resigns} 1-0